Map: Orbital Shipyard

Players

Happy - Winner!

  • Race: Terran Terran
  • League: Grandmaster

LiquidMaNa (MaNa)

  • Race: Protoss Protoss
  • League: Grandmaster

Event: 2016 WCS Winter Challenger Europe

VOD

Have the link to the VOD?

Description

Time

  • Played on: Feb. 13, 2016, 12:19 p.m.
  • Length: 16:11

All games in this series

Show
View Real Time Build Order
Export as new Build Order

Happy Terran - Winner!

Build Orders: 1/1/1, MMM Bio, Widow Mine Drop 

Get SALT Encoding   

  12  0:00  SCV  
  13  0:13  SCV  
  14  0:17  Supply Depot  
  14  0:25  SCV  
  15  0:28  Refinery  
  15  0:39  SCV  
  16  0:44  Barracks  
  16  0:51  SCV  
  17  1:03  SCV  
  18  1:15  SCV  
  19  1:31  Marine  
  19  1:32  Factory, Supply Depot  
  20  1:33  Orbital Command  
  20  1:49  Marine  
  21  1:59  SCV  
  22  2:03  Supply Depot  
  22  2:07  Marine  
  23  2:11  SCV  
  24  2:17  Starport  
  24  2:19  Widow Mine  
  26  2:24  SCV  
  26  2:25  Marine  
  28  2:36  SCV  
  29  2:44  Command Center  
  29  2:48  SCV  
  31  2:53  Marine  
  31  2:57  Medivac  
  33  3:00  SCV  
  33  3:01  Refinery  
  34  3:07  Supply Depot  
  34  3:08  Widow Mine  
  34  3:11  Marine  
  37  3:21  SCV  
  38  3:30  Barracks  
  38  3:33  SCV  
  39  3:35  Barracks Reactor  
  39  3:45  SCV  
  40  3:50  Command Center  
  40  3:57  Orbital Command  
  40  4:20  Barracks Tech Lab, Marine  
  40  4:21  Factory Tech Lab  
  40  4:23  SCV  
  42  4:29  SCV  
  33  4:41  Cyclone  
  33  4:42  Marine  
  33  4:43  SCV  
  33  4:44  SCV  
  36  4:48  Marine  
  36  4:49  Stimpack  
  36  4:52  Barracks  
  37  4:54  Marine  
  37  4:55  SCV  
  37  4:57  Medivac  
  37  4:58  SCV  
  37  4:59  Marine  
  42  5:03  Orbital Command  
  43  5:07  SCV  
  43  5:09  Marine  
  43  5:11  SCV  
  43  5:12  Marine  
  47  5:17  Marine  
  47  5:19  SCV  
  49  5:23  SCV  
  49  5:25  Factory Reactor  
  49  5:27  Engineering Bay  
  50  5:29  SCV  
  50  5:30  Medivac  
  50  5:31  Marauder, SCV  
  50  5:35  SCV  
  57  5:38  Refinery, Supply Depot  
  57  5:39  Marine  
  57  5:41  SCV  
  59  5:43  SCV  
  59  5:47  SCV  
  61  5:51  Supply Depot  
  61  5:52  Supply Depot  
  61  5:53  SCV  
  61  5:56  SCV, Marine  
  68  5:57  Marauder x2  
  68  5:59  SCV  
  68  6:00  Missile Turret  
  68  6:02  Missile Turret  
  69  6:07  SCV, Combat Shields  
  69  6:10  SCV  
  71  6:11  SCV, Orbital Command  
  71  6:14  Factory Reactor  
  71  6:17  Marine  
  75  6:18  Marauder  
  75  6:22  SCV  
  75  6:24  Marine  
  75  6:25  Marauder, SCV  
  80  6:30  Barracks  
  80  6:33  Barracks  
  80  6:35  SCV  
  80  6:36  Refinery  
  80  6:37  SCV  
  80  6:38  Missile Turret  
  80  6:39  SCV  
  83  6:43  Missile Turret  
  83  6:46  Bunker  
  84  6:47  SCV  
  84  6:49  SCV  
  84  6:51  Concussive Shells, SCV  
  84  6:53  Medivac  
  88  6:55  Marine  
  88  6:58  Supply Depot, Marine  
  88  7:00  Medivac  
  92  7:02  Marine x2  
  92  7:05  SCV  
  92  7:08  Supply Depot  
  95  7:12  Supply Depot, SCV  
  95  7:13  Marine  
  97  7:16  SCV  
  97  7:18  Barracks Reactor  
  97  7:20  Barracks Tech Lab  
  97  7:21  Barracks  
  98  7:22  Terran Infantry Weapons Level 1  
  98  7:25  SCV, Engineering Bay  
  98  7:26  SCV  
  98  7:28  SCV  
  101  7:32  Marauder, Marine x2  
  105  7:37  SCV  
  105  7:38  Marine  
  105  7:39  Marauder  
  105  7:40  Medivac  
  105  7:41  Medivac  
  105  7:42  SCV  
  114  7:45  SCV  
  114  7:46  Supply Depot  
  114  7:50  Terran Infantry Armor Level 1  
  115  7:52  Armory  
  115  7:55  SCV  
  116  7:59  Marine  
  117  8:07  Marauder, Widow Mine x2, Marine  
  117  8:08  Marine  
  117  8:09  Marauder x2, Barracks Tech Lab  
  117  8:10  Medivac  
  117  8:12  SCV x2  
  133  8:18  Refinery  
  133  8:19  Marine  
  133  8:21  Refinery  
  133  8:23  Marine  
  133  8:24  Marine  
  133  8:26  Marine  
  135  8:27  Marine  
  135  8:29  Marauder  
  135  8:30  Marauder, Marine  
  139  8:36  SCV  
  139  8:37  Marine  
  141  8:57  Command Center  
  141  8:58  Widow Mine x2  
  141  8:59  Marine x3  
  141  9:02  Supply Depot  
  148  9:04  Missile Turret  
  148  9:06  Missile Turret  
  146  9:19  Marine x2  
  146  9:20  Marauder  
  136  9:27  Widow Mine x2  
  136  9:28  Marauder  
  131  9:37  Marine x3  
  131  9:38  Marauder x2, SCV  
  136  9:41  Ghost Academy  
  136  9:44  Starport  
  120  9:58  Marine x2  
  120  9:59  Marauder x2, Marine x2  
  129  10:00  Marauder x2  
  129  10:03  Widow Mine  
  130  10:07  Liberator  
  129  10:16  Marine x2  
  129  10:17  Marine x2  
  129  10:20  Marauder x2  
  129  10:21  Marauder, Marine  
  139  10:22  Starport Reactor  
  139  10:23  Liberator  
  139  10:24  Supply Depot, Starport  
  139  10:25  Fusion Core  
  143  10:35  Marine  
  139  10:38  Marine x2  
  139  10:39  Marauder  
  139  10:40  Marine  
  139  10:41  SCV x3  
  139  10:42  Marauder x2  
  153  10:46  Marine  
  145  10:50  Liberator  
  145  10:53  Marine  
  145  10:55  Planetary Fortress  
  121  11:09  Missile Turret  
  121  11:10  SCV x3, Marine x2  
  121  11:11  Marauder x3, Marine x2  
  135  11:12  Liberator  
  135  11:14  Widow Mine x2  
  137  11:22  SCV  
  138  11:26  Missile Turret, SCV x2  
  138  11:27  Missile Turret  
  138  11:30  Starport Tech Lab  
  143  11:36  Barracks  
  143  11:42  SCV x2  
  143  11:43  Refinery  
  143  11:44  Refinery  
  145  11:49  SCV  
  145  11:52  Terran Infantry Weapons Level 2  
  146  11:56  Terran Infantry Armor Level 2  
  146  11:57  Terran Ship Weapons Level 1  
  146  12:01  Personal Cloaking  
  146  12:03  SCV x2  
  146  12:04  Command Center  
  146  12:07  Advanced Ballistics  
  148  12:11  Ghost  
  148  12:12  Ghost  
  152  12:25  Liberator x2  
  152  12:29  Ghost x2  
  149  12:33  Liberator, Marine x2  
  149  12:34  Marine  
  148  12:37  SCV  
  148  12:39  Ghost  
  148  12:42  Marauder, Marine  
  160  12:49  SCV  
  144  12:53  Marine x2  
  150  12:58  Marauder x2  
  150  13:01  SCV  
  150  13:03  Marauder  
  150  13:04  Marine  
  150  13:05  Marine  
  144  13:09  Marauder  
  144  13:11  Marine  
  123  13:13  Marine  
  123  13:19  SCV  
  123  13:20  Marauder x2  
  123  13:21  Planetary Fortress, Missile Turret  
  123  13:22  Marine  
  123  13:23  SCV x2  
  123  13:24  Missile Turret  
  123  13:25  Marauder  
  123  13:26  Marine  
  129  13:28  Marine  
  129  13:30  Marine  
  129  13:31  Marine  
  129  13:32  Liberator  
  132  13:38  Liberator  
  132  13:40  Marine  
  130  13:41  Marine x2  
  130  13:42  Liberator  
  130  13:46  Marauder, SCV x4  
  137  13:48  Marine  
  137  13:49  Marauder  
  137  13:52  Liberator  
  141  14:00  Marine  
  137  14:10  Marine  
  137  14:11  Marauder, Marine  
  137  14:12  Widow Mine  
  137  14:13  Widow Mine  
  146  14:18  SCV  
  146  14:26  SCV  
  146  14:27  Missile Turret  
  146  14:30  SCV, Marine  
  151  14:31  Marauder  
  151  14:32  Medivac  
  151  14:34  Marine x2  
  152  14:39  Medivac  
  152  14:40  Marine  
  152  14:42  SCV  
  152  14:43  Medivac  
  157  14:46  Marine  
  157  14:47  Marauder  
  157  14:48  Marine x2  
  157  14:51  Liberator, Marine  
  164  14:52  Marauder  
  164  14:54  SCV  
  164  14:57  Liberator  
  160  15:10  Ghost  
  160  15:11  Marauder x2, Marine x4  
  160  15:13  Medivac  
  172  15:14  Marauder, Widow Mine  
  172  15:15  Widow Mine  
  173  15:22  Medivac x2  
  176  15:28  Marine  
  176  15:29  Marine x2  
  176  15:33  Marauder x2, Marine  
  185  15:35  Marauder  
  185  15:39  Marine  
  176  15:46  Marine x2  
  179  15:51  Marine  
Show
View Real Time Build Order
Export as new Build Order

LiquidMaNa Protoss 

Build Orders: 1 Gate Expand, Oracle Opening 

Get SALT Encoding   

  12  0:00  Probe (Chrono Boost)  
  13  0:11  Probe (Chrono Boost)  
  14  0:17  Pylon  
  14  0:22  Probe (Chrono Boost)  
  15  0:36  Probe (Chrono Boost), Gateway  
  15  0:42  Assimilator  
  16  0:46  Probe (Chrono Boost)  
  18  0:57  Probe (Chrono Boost)  
  18  1:17  Nexus  
  18  1:26  Cybernetics Core  
  18  1:30  Probe (Chrono Boost)  
  19  1:36  Assimilator  
  19  1:40  Probe (Chrono Boost)  
  20  1:49  Pylon  
  20  1:51  Probe (Chrono Boost)  
  20  2:01  Probe (Chrono Boost)  
  20  2:04  Warp Gate (Chrono Boost)  
  20  2:06  Adept (Chrono Boost)  
  23  2:13  Probe  
  24  2:19  Pylon  
  24  2:25  Probe  
  25  2:30  Stalker (Chrono Boost)  
  25  2:32  Probe  
  28  2:37  Probe  
  29  2:47  Stargate  
  29  2:50  Probe (Chrono Boost)  
  30  2:55  Probe (Chrono Boost)  
  31  2:59  Stalker  
  31  3:01  Probe (Chrono Boost)  
  34  3:14  Robotics Facility  
  34  3:20  Assimilator  
  34  3:21  Probe (Chrono Boost)  
  34  3:25  Probe (Chrono Boost)  
  36  3:29  Oracle (Chrono Boost)  
  39  3:35  Probe (Chrono Boost)  
  40  3:44  Pylon  
  40  3:46  Probe (Chrono Boost)  
  40  3:47  Probe (Chrono Boost)  
  42  3:55  Probe (Chrono Boost)  
  42  3:58  Probe (Chrono Boost)  
  42  4:02  Observer (Chrono Boost)  
  45  4:08  Probe  
  46  4:16  Probe  
  43  4:18  Probe, Stalker  
  46  4:28  Probe  
  46  4:29  Probe  
  39  4:39  Probe  
  39  4:40  Probe  
  39  4:46  Oracle (Chrono Boost)  
  39  4:47  Stalker  
  39  4:50  Probe  
  45  4:52  Twilight Council  
  45  4:53  Probe  
  45  4:57  Assimilator  
  45  4:59  Mothership Core  
  46  5:05  Probe  
  49  5:11  Stalker  
  51  5:17  Probe  
  51  5:19  Probe, Pylon  
  53  5:22  Gateway  
  53  5:29  Probe x2, Blink (Chrono Boost)  
  55  5:36  Sentry, Forge  
  55  5:40  Probe  
  55  5:41  Probe  
  59  5:50  Gateway  
  59  5:51  Probe  
  59  5:53  Probe, Gateway  
  61  6:02  Stalker  
  61  6:03  Protoss Ground Weapons Level 1 (Chrono Boost)  
  63  6:06  Probe  
  63  6:08  Probe  
  65  6:21  Stalker  
  65  6:24  Probe  
  67  6:26  Probe  
  67  6:30  Nexus  
  69  6:33  Pylon  
  69  6:38  Probe  
  70  6:51  Probe x2, Warp Prism  
  70  6:53  Stalker x2  
  78  6:57  Pylon  
  78  7:05  Pylon  
  78  7:12  Gateway  
  78  7:13  Gateway  
  78  7:15  Probe x2  
  80  7:18  Stalker x2  
  84  7:23  Resonating Glaives (Chrono Boost)  
  84  7:27  Probe  
  85  7:30  Templar Archives  
  85  7:31  Adept x2  
  89  7:40  Pylon  
  89  7:41  Protoss Ground Armor Level 1  
  89  7:47  Sentry x2  
  89  7:51  Pylon  
  93  7:52  Probe x2  
  93  7:54  Pylon  
  93  7:55  Pylon  
  95  8:01  Psionic Storm  
  95  8:04  Observer  
  96  8:09  Probe x2  
  96  8:10  Adept  
  96  8:11  Adept x3  
  106  8:20  Pylon  
  106  8:37  High Templar x3  
  110  8:42  Pylon, Adept  
  110  8:43  Pylon  
  110  8:50  Zealot x2  
  110  8:54  Charge  
  110  8:55  Probe x2, Gateway  
  115  8:57  Assimilator x2  
  116  9:03  Gateway  
  116  9:04  Gateway  
  116  9:06  Gateway  
  116  9:13  Pylon  
  116  9:15  Photon Cannon  
  112  9:20  Stalker x3, Zealot x3  
  106  9:32  Archon  
  106  9:37  Probe x2  
  104  9:44  Zealot, Adept x3  
  104  9:45  Adept x2  
  97  9:46  Immortal (Chrono Boost)  
  97  9:51  Protoss Ground Armor Level 2  
  81  10:03  Stalker, Adept x2  
  81  10:04  Adept  
  81  10:05  Adept x5  
  95  10:22  Immortal (Chrono Boost)  
  95  10:25  Stalker x3  
  95  10:26  Stalker  
  95  10:28  Zealot x3  
  99  10:38  Zealot x2  
  97  10:49  Zealot x4  
  99  10:50  Zealot x3  
  99  11:01  Immortal (Chrono Boost)  
  99  11:02  Stalker  
  99  11:03  Stalker  
  93  11:11  High Templar x2  
  93  11:12  Assimilator  
  97  11:20  Sentry  
  97  11:24  Stalker x2  
  103  11:33  Nexus  
  103  11:37  Immortal (Chrono Boost)  
  103  11:39  Stalker x2  
  111  11:43  Pylon  
  111  11:47  Stalker x2  
  111  11:51  Pylon  
  111  11:53  Adept x2  
  119  11:57  Adept x2  
  123  12:12  Stalker x5  
  133  12:19  Stalker x2  
  131  12:30  Zealot  
  131  12:31  Zealot x2  
  134  12:48  Adept x3  
  124  12:52  Adept x3  
  124  12:53  Adept x2  
  124  13:10  Immortal (Chrono Boost)  
  124  13:12  Stalker x5  
  120  13:19  Sentry, High Templar  
  128  13:40  Nexus  
  128  13:42  Adept  
  128  13:43  Adept x2  
  130  14:03  High Templar x2, Immortal (Chrono Boost)  
  130  14:04  High Templar  
  136  14:23  Pylon, Stalker x3  
  136  14:24  Stalker x2  
  144  14:25  Zealot  
  144  14:26  Zealot  
  146  14:37  Observer (Chrono Boost)  
  147  14:40  Assimilator  
  147  14:42  Assimilator  
  146  14:53  Stargate  
  146  14:58  Stalker x2  
  133  15:18  Stalker x2  
  133  15:19  Stalker x2  
  139  15:25  Adept x3  
Tags
 
Add a new tag
Caveats
  • Supply blocks, unpowered buildings, or Contaminate may cause inaccurate times.
  • Supply counts are checked every 10 seconds.